TOP OF THE 1ST |
Texas Rangers batting - Pitching for Seattle Mariners : RHP Takaaki Nakada
|
Pitching: RHP Takaaki Nakada
|
|
Batting: LHB Da Vo
|
0-0: Ball 1-0: Ball 2-0: Called Strike 2-1: Ground out 4-3 (Groundball, 4, EV 85.0 MPH)
|
Batting: RHB David Casas
|
0-0: Ball 1-0: Fly out, F7 (Flyball, 78D, EV 96.9 MPH)
|
Batting: SHB Jun Tsuda
|
0-0: Foul Ball, location: 2F 0-1: Called Strike 0-2: Foul Ball, location: 2F 0-2: Foul Ball, location: 2F 0-2: Foul Ball, location: 2F 0-2: Foul Ball, location: 2F 0-2: Ball 1-2: Fly out, F8 (Flyball, 8RM, EV 95.0 MPH)
|
Top of the 1st over - 0 runs, 0 hits, 0 errors, 0 left on base; Texas 0 - Seattle 0 |
BOTTOM OF THE 1ST |
Seattle Mariners batting - Pitching for Texas Rangers : RHP Pimbly Nimblebottom
|
Pitching: RHP Pimbly Nimblebottom
|
|
Batting: RHB Jose Vasquez
|
0-0: Ball 1-0: Ball 2-0: Ball 3-0: Called Strike 3-1: Base on Balls
|
Batting: LHB Dae-ik Yoon
|
0-0: Ball 1-0: Foul Ball, location: 2F 1-1: Foul Ball, location: 2F 1-2: Ball 2-2: Ball 3-2: Foul Ball, location: 2F 3-2: SINGLE (Groundball, 4M, EV 108.1 MPH) (infield hit) Jose Vasquez to second
|
Batting: SHB Floyd-William Goof
|
0-0: Ball 1-0: Ball 2-0: Ball 3-0: Called Strike 3-1: Called Strike 3-2: Foul Ball, location: 2F 3-2: Base on Balls Jose Vasquez to third Dae-ik Yoon to second
|
Batting: SHB Tze-meng Gan
|
0-0: Called Strike 0-1: Ball 1-1: Ball 2-1: Swinging Strike 2-2: Foul Ball, location: 2F 2-2: Strikes out swinging
|
Batting: LHB Bi-jun Chien
|
0-0: Ball 1-0: Called Strike 1-1: Grounds into double play, 4-6-3 (Groundball, 34D, EV 86.3 MPH)
|
Bottom of the 1st over - 0 runs, 1 hit, 0 errors, 2 left on base; Texas 0 - Seattle 0 |
TOP OF THE 2ND |
Texas Rangers batting - Pitching for Seattle Mariners : RHP Takaaki Nakada
|
Batting: SHB John Giesbrecht
|
0-0: Foul Ball, location: 2F 0-1: Ball 1-1: Ball 2-1: DOUBLE (Flyball, 89D, EV 100.6 MPH)
|
Batting: RHB Bert Clark
|
0-0: Called Strike 0-1: Swinging Strike 0-2: Ball 1-2: Fly out, F9 (Flyball, 89S, EV 82.5 MPH)
|
Batting: SHB Vince Ealy
|
0-0: Ball 1-0: Foul Ball, location: 2F 1-1: Ball 2-1: SINGLE (Flyball, 7LS, EV 91.3 MPH) John Giesbrecht to third
|
Batting: LHB Cody Schumacher
|
0-0: Ball 1-0: Called Strike 1-1: Ball 2-1: Called Strike 2-2: Ball 3-2: Foul Ball, location: 2F 3-2: Fly out, F2 (Popup, 5SF, EV 81.9 MPH)
|
Batting: RHB Zhao-ji Chi
|
0-0: Ball 1-0: SINGLE (Groundball, 4D, EV 102.5 MPH) John Giesbrecht scores Vince Ealy to second Runner from 2nd tries for 3rd, OUT! 8-5
|
Top of the 2nd over - 1 run, 3 hits, 0 errors, 1 left on base; Texas 1 - Seattle 0 |
BOTTOM OF THE 2ND |
Seattle Mariners batting - Pitching for Texas Rangers : RHP Pimbly Nimblebottom
|
Batting: RHB Steve Bartman Jr.
|
0-0: SINGLE (Groundball, 6, EV 98.1 MPH)
|
Batting: LHB John Zumbo
|
0-0: Called Strike 0-1: Ball 1-1: Called Strike 1-2: Strikes out looking
|
Batting: RHB Corey Ottinger
|
0-0: Ball 1-0: Called Strike 1-1: Foul Ball, location: 2F 1-2: Strikes out swinging
|
Batting: SHB Nelson Powell
|
0-0: Called Strike 0-1: Ball 1-1: Swinging Strike 1-2: Foul Ball, location: 2F 1-2: Foul Ball, location: 2F 1-2: Strikes out swinging
|
Bottom of the 2nd over - 0 runs, 1 hit, 0 errors, 1 left on base; Texas 1 - Seattle 0 |
TOP OF THE 3RD |
Texas Rangers batting - Pitching for Seattle Mariners : RHP Takaaki Nakada
|
Batting: RHB Cody Flowers
|
0-0: Called Strike 0-1: Ball 1-1: Foul Ball, location: 2F 1-2: Foul Ball, location: 2F 1-2: Ball 2-2: Fly out, F9 (Flyball, 9LS, EV 78.8 MPH)
|
Batting: LHB Da Vo
|
0-0: Called Strike 0-1: Ball 1-1: Fly out, F5 (Popup, 15, EV 79.4 MPH)
|
Batting: RHB David Casas
|
0-0: Called Strike 0-1: Called Strike 0-2: Ball 1-2: Ball 2-2: Foul Ball, location: 2F 2-2: Foul Ball, location: 2F 2-2: Fly out, F8 (Line Drive, 8RD, EV 96.3 MPH)
|
Top of the 3rd over - 0 runs, 0 hits, 0 errors, 0 left on base; Texas 1 - Seattle 0 |
BOTTOM OF THE 3RD |
Seattle Mariners batting - Pitching for Texas Rangers : RHP Pimbly Nimblebottom
|
Batting: RHB Jose Vasquez
|
0-0: Ball 1-0: Foul Ball, location: 2F 1-1: Fly out, F9 (Line Drive, 9, EV 91.3 MPH)
|
Batting: LHB Dae-ik Yoon
|
0-0: Called Strike 0-1: Ball 1-1: SINGLE (Groundball, 34D, EV 104.4 MPH) (infield hit)
|
Batting: SHB Floyd-William Goof
|
0-0: Called Strike 0-1: Called Strike 0-2: Fly out, F3 (Popup, 3S, EV 63.8 MPH)
|
Batting: SHB Tze-meng Gan
|
0-0: Foul Ball, location: 2F 0-1: Ball 1-1: Called Strike 1-2: Strikes out swinging
|
Bottom of the 3rd over - 0 runs, 1 hit, 0 errors, 1 left on base; Texas 1 - Seattle 0 |
TOP OF THE 4TH |
Texas Rangers batting - Pitching for Seattle Mariners : RHP Takaaki Nakada
|
Batting: SHB Jun Tsuda
|
0-0: Foul Ball, location: 2F 0-1: Ball 1-1: Foul Ball, location: 2F 1-2: Ball 2-2: Foul Ball, location: 2F 2-2: Ball 3-2: TRIPLE (Groundball, 5L, EV 98.8 MPH)
|
Batting: SHB John Giesbrecht
|
0-0: Ball 1-0: Ball 2-0: SINGLE (Groundball, 34D, EV 106.3 MPH) (infield hit) Jun Tsuda scores
|
Batting: RHB Bert Clark
|
0-0: Ball 1-0: Called Strike 1-1: Fly out, F3 (Popup, 3SF, EV 78.1 MPH)
|
Batting: SHB Vince Ealy
|
0-0: Ball 1-0: Called Strike 1-1: Ball 2-1: Swinging Strike 2-2: Foul Ball, location: 2F 2-2: DOUBLE (Flyball, 78D, EV 108.8 MPH) John Giesbrecht to third
|
Batting: LHB Cody Schumacher
|
0-0: Ball 1-0: Fly out, F8 (Flyball, 8LM, EV 83.1 MPH)
|
Batting: RHB Zhao-ji Chi
|
0-0: Swinging Strike 0-1: Ball 1-1: Ball 2-1: Foul Ball, location: 2F 2-2: Foul Ball, location: 2F 2-2: 3-RUN HOME RUN (Flyball, 7D, EV 95.6 MPH), Distance : 388 ft
|
Pitching: RHP T.J. Balko
|
|
Batting: RHB Cody Flowers
|
0-0: Ball 1-0: Called Strike 1-1: Fly out, F8 (Flyball, 8LXD, EV 98.1 MPH)
|
Top of the 4th over - 4 runs, 4 hits, 0 errors, 0 left on base; Texas 5 - Seattle 0 |
BOTTOM OF THE 4TH |
Seattle Mariners batting - Pitching for Texas Rangers : RHP Pimbly Nimblebottom
|
Batting: LHB Bi-jun Chien
|
0-0: Ground out 4-3 (Groundball, 34D, EV 111.3 MPH)
|
Batting: RHB Steve Bartman Jr.
|
0-0: Called Strike 0-1: Ball 1-1: Ball 2-1: Called Strike 2-2: Ground out U3 (Groundball, 3, EV 105.0 MPH)
|
Batting: LHB John Zumbo
|
0-0: Ball 1-0: Called Strike 1-1: Ball 2-1: Foul Ball, location: 2F 2-2: Foul Ball, location: 2F 2-2: Foul Ball, location: 2F 2-2: Ball 3-2: Base on Balls
|
Batting: RHB Corey Ottinger
|
0-0: Called Strike 0-1: Swinging Strike 0-2: Ball 1-2: Ball 2-2: 2-RUN HOME RUN (Line Drive, 78XD, EV 106.9 MPH), Distance : 399 ft
|
Batting: SHB Nelson Powell
|
0-0: Ball 1-0: Called Strike 1-1: Ball 2-1: Ball 3-1: Swinging Strike 3-2: Strikes out swinging
|
Bottom of the 4th over - 2 runs, 1 hit, 0 errors, 0 left on base; Texas 5 - Seattle 2 |
TOP OF THE 5TH |
Texas Rangers batting - Pitching for Seattle Mariners : RHP T.J. Balko
|
Batting: LHB Da Vo
|
0-0: Foul Ball, location: 2F 0-1: Ball 1-1: Ball 2-1: Ball 3-1: Called Strike 3-2: Ground out 4-3 (Groundball, 4, EV 91.3 MPH)
|
Batting: RHB David Casas
|
0-0: Called Strike 0-1: Ball 1-1: Ball 2-1: Called Strike 2-2: Ball 3-2: SINGLE (Groundball, 56D, EV 110.0 MPH)
|
Batting: SHB Jun Tsuda
|
0-0: Ball 1-0: Called Strike 1-1: Ball 2-1: Swinging Strike 2-2: Fly out, F8 (Flyball, 89D, EV 93.8 MPH)
|
Batting: SHB John Giesbrecht
|
0-0: Ball 1-0: Ground out 4-3 (Groundball, 34, EV 106.3 MPH)
|
Top of the 5th over - 0 runs, 1 hit, 0 errors, 1 left on base; Texas 5 - Seattle 2 |
BOTTOM OF THE 5TH |
Seattle Mariners batting - Pitching for Texas Rangers : RHP Pimbly Nimblebottom
|
Batting: RHB Jose Vasquez
|
0-0: Ground out 2-3 (Groundball, 2L, EV 74.4 MPH)
|
Batting: LHB Dae-ik Yoon
|
0-0: Ball 1-0: Ball 2-0: Foul Ball, location: 2F 2-1: Foul Ball, location: 2F 2-2: Foul Ball, location: 2F 2-2: Strikes out looking
|
Batting: SHB Floyd-William Goof
|
0-0: Ball 1-0: Fly out, F9 (Flyball, 89D, EV 82.5 MPH)
|
Bottom of the 5th over - 0 runs, 0 hits, 0 errors, 0 left on base; Texas 5 - Seattle 2 |
TOP OF THE 6TH |
Texas Rangers batting - Pitching for Seattle Mariners : RHP T.J. Balko
|
Batting: RHB Bert Clark
|
0-0: Foul Ball, location: 2F 0-1: Swinging Strike 0-2: Ball 1-2: Foul Ball, location: 2F 1-2: Ball 2-2: Foul Ball, location: 2F 2-2: DOUBLE (Groundball, 3L, EV 101.3 MPH)
|
Batting: SHB Vince Ealy
|
0-0: Ball 1-0: Ball 2-0: Foul Ball, location: 2F 2-1: SINGLE (Groundball, 56D, EV 94.4 MPH) Bert Clark to third Runner from 3rd tries for Home, SAFE, throw by LF to home
|
Batting: LHB Cody Schumacher
|
0-0: Ball 1-0: Ball 2-0: Called Strike 2-1: Ball 3-1: Sac Bunt to 2L - play at first, batter OUT! 2-3 Vince Ealy to second
|
Batting: RHB Zhao-ji Chi
|
0-0: Ball 1-0: Ball 2-0: Called Strike 2-1: SINGLE (Groundball, 6S, EV 67.5 MPH) (infield hit) Vince Ealy to third
|
Batting: RHB Cody Flowers
|
0-0: Ball Pickoff Throw to First - Out! 1-3 1-0: Ground out 4-3 (Groundball, 4, EV 108.8 MPH)
|
Top of the 6th over - 1 run, 3 hits, 0 errors, 1 left on base; Texas 6 - Seattle 2 |
BOTTOM OF THE 6TH |
Seattle Mariners batting - Pitching for Texas Rangers : RHP Pimbly Nimblebottom
|
Batting: SHB Tze-meng Gan
|
0-0: Fly out, F8 (Flyball, 89D, EV 109.4 MPH)
|
Batting: LHB Bi-jun Chien
|
0-0: Swinging Strike 0-1: Hit by Pitch
|
Batting: RHB Steve Bartman Jr.
|
0-0: Called Strike 0-1: Grounds into double play, 6-4-3 (Groundball, 6, EV 98.1 MPH)
|
Bottom of the 6th over - 0 runs, 0 hits, 0 errors, 0 left on base; Texas 6 - Seattle 2 |
TOP OF THE 7TH |
Texas Rangers batting - Pitching for Seattle Mariners : RHP T.J. Balko
|
Pitching: RHP Bo Chia
|
|
Batting: LHB Da Vo
|
0-0: Ball 1-0: Called Strike 1-1: Fly out, F6 (Flyball, 4MD, EV 83.8 MPH)
|
Batting: RHB David Casas
|
0-0: Ball 1-0: Called Strike 1-1: Swinging Strike 1-2: Ball 2-2: SINGLE (Line Drive, 3D, EV 95.6 MPH)
|
Batting: SHB Jun Tsuda
|
0-0: Called Strike 0-1: Ball 1-1: Foul Ball, location: 2F 1-2: Strikes out swinging
|
Batting: SHB John Giesbrecht
|
0-0: SINGLE (Line Drive, 89S, EV 110.0 MPH) David Casas to second
|
Batting: RHB Bert Clark
|
0-0: Called Strike 0-1: Ground out 6-3 (Groundball, 6MS, EV 71.3 MPH)
|
Top of the 7th over - 0 runs, 2 hits, 0 errors, 2 left on base; Texas 6 - Seattle 2 |
BOTTOM OF THE 7TH |
Seattle Mariners batting - Pitching for Texas Rangers : RHP Pimbly Nimblebottom
|
Batting: LHB John Zumbo
|
0-0: Called Strike 0-1: Ball 1-1: Called Strike 1-2: Ball 2-2: Ball 3-2: Ground out 4-3 (Groundball, 4, EV 88.1 MPH)
|
Batting: RHB Corey Ottinger
|
0-0: Fly out, F9 (Flyball, 9, EV 93.1 MPH)
|
Batting: SHB Nelson Powell
|
0-0: Ball 1-0: Called Strike 1-1: Ground out 5-3 (Groundball, 56S, EV 86.3 MPH)
|
Bottom of the 7th over - 0 runs, 0 hits, 0 errors, 0 left on base; Texas 6 - Seattle 2 |
TOP OF THE 8TH |
Texas Rangers batting - Pitching for Seattle Mariners : RHP Bo Chia
|
Batting: SHB Vince Ealy
|
0-0: Ball 1-0: Called Strike 1-1: Ball 2-1: Swinging Strike 2-2: Ball 3-2: Strikes out swinging
|
Batting: LHB Cody Schumacher
|
0-0: Called Strike 0-1: Foul Ball, location: 2F 0-2: Ball 1-2: Ball 2-2: Ball 3-2: Base on Balls
|
Batting: RHB Zhao-ji Chi
|
0-0: Fly out, F6 (Flyball, 56D, EV 72.5 MPH)
|
Batting: RHB Cody Flowers
|
0-0: Ball 1-0: Called Strike 1-1: Swinging Strike 1-2: Fly out, F8 (Flyball, 78S, EV 83.8 MPH)
|
Top of the 8th over - 0 runs, 0 hits, 0 errors, 1 left on base; Texas 6 - Seattle 2 |
BOTTOM OF THE 8TH |
Seattle Mariners batting - Pitching for Texas Rangers : RHP Pimbly Nimblebottom
|
Pitching: RHP Kyle Curve
|
|
Batting: RHB Jose Vasquez
|
0-0: Ball 1-0: Ball 2-0: Called Strike 2-1: Ball 3-1: Ground out 5-3 (Groundball, 56, EV 96.3 MPH)
|
Batting: LHB Dae-ik Yoon
|
0-0: Called Strike 0-1: Ball 1-1: Foul Ball, location: 2F 1-2: Ball 2-2: Reached on error, E6 (Groundball, 6, EV 80.0 MPH)
|
Batting: SHB Floyd-William Goof
|
0-0: Called Strike 0-1: Ball 1-1: Swinging Strike 1-2: Ball 2-2: Ball 3-2: Ground out 6-3 (Groundball, 6, EV 110.0 MPH)
|
Batting: SHB Tze-meng Gan
|
0-0: Called Strike 0-1: Ground out 1-3 (Groundball, 13, EV 71.3 MPH)
|
Bottom of the 8th over - 0 runs, 0 hits, 1 error, 1 left on base; Texas 6 - Seattle 2 |
TOP OF THE 9TH |
Texas Rangers batting - Pitching for Seattle Mariners : RHP Bo Chia
|
Batting: LHB Da Vo
|
0-0: Swinging Strike 0-1: Ball 1-1: SINGLE (Line Drive, 7S, EV 103.8 MPH)
|
Batting: RHB David Casas
|
0-0: Bunted foul 0-1: Ball 1-1: Sac Bunt to 5S - play at first, batter OUT! 5-4 Da Vo to second
|
Batting: SHB Jun Tsuda
|
0-0: 2-RUN HOME RUN (Flyball, 9D, EV 98.8 MPH), Distance : 373 ft
|
Batting: SHB John Giesbrecht
|
0-0: Ball 1-0: Ball 2-0: Ball 3-0: Base on Balls
|
Batting: RHB Bert Clark
|
0-0: Called Strike 0-1: Ball 1-1: Swinging Strike 1-2: Ball 2-2: Strikes out looking and he physically ARGUES THE CALL AND IS TOSSED!
|
Batting: SHB Vince Ealy
|
0-0: Called Strike 0-1: Fly out, F8 (Flyball, 8LXD, EV 88.1 MPH)
|
Top of the 9th over - 2 runs, 2 hits, 0 errors, 1 left on base; Texas 8 - Seattle 2 |
BOTTOM OF THE 9TH |
Seattle Mariners batting - Pitching for Texas Rangers : RHP Kyle Curve
|
Now in LF: Orlando Suarez
|
|
Batting: LHB Bi-jun Chien
|
0-0: Foul Ball, location: 2F 0-1: Ball 1-1: Ball 2-1: Foul Ball, location: 2F 2-2: Foul Ball, location: 2F 2-2: Foul Ball, location: 2F 2-2: Ball 3-2: Ground out 6-3 (Groundball, 6, EV 100.0 MPH)
|
Batting: RHB Steve Bartman Jr.
|
0-0: Foul Ball, location: 2F 0-1: Foul Ball, location: 2F 0-2: Foul Ball, location: 2F 0-2: Strikes out looking
|
Batting: LHB John Zumbo
|
0-0: Ground out U3 (Groundball, 34, EV 81.3 MPH)
|
Bottom of the 9th over - 0 runs, 0 hits, 0 errors, 0 left on base; Texas 8 - Seattle 2 |
|